 Dungeon Crawl Stone Soup version 0.28.0-43-g3370ac3207 (webtiles) character file.

Game seed: 3597926223251186666

151 tizbic2 the Grasshopper (level 5, -1/45 HPs)
             Began as a Draconian Warper on Mar 23, 2022.
             Slain by a scorpion (5 damage)
             ... on level 4 of the Dungeon.
             The game lasted 00:14:46 (3253 turns).

tizbic2 the Grasshopper (Draconian Warper)          Turns: 3253, Time: 00:14:47

Health: -1/45      AC:  7    Str: 14    XL:     5   Next: 11%
Magic:  9/9        EV: 16    Int: 15    God:
Gold:   138        SH:  0    Dex: 10    Spells: 5/10 levels left

rFire   . . .      SeeInvis .   a - staff of conjuration
rCold   . . .      Faith    .   (no shield)
rNeg    . . .      Spirit   .   (armour unavailable)
rPois   .          Reflect  .   (helmet restricted)
rElec   .          Harm     .   q - +0 cloak
rCorr   .          Rampage  .   n - +0 pair of gloves
Will    .....                   (no boots)
Stlth   +.........              (no amulet)
HPRegen 0.15/turn               l - +4 ring of evasion
MPRegen 0.11/turn               (no ring)

@: hasted, very quick
A: AC +5, unfitting armour, cold-blooded
a: no special abilities


You were on level 4 of the Dungeon.
You visited 1 branch of the dungeon, and saw 4 of its levels.

You collected 138 gold pieces.

Inventory:

Hand Weapons
 w - a +0 trident
 x - a +2 whip of holy wrath
Missiles
 c - 3 boomerangs of dispersal
 d - 94 stones (quivered)
 p - 4 poisoned darts
Armour
 n - a +0 pair of gloves (worn)
 q - a +0 cloak (worn)
Magical Staves
 a - a staff of conjuration (weapon)
Jewellery
 l - a +4 ring of evasion (left hand)
Wands
 j - a wand of acid (6)
 u - a wand of iceblast (8)
Scrolls
 b - 3 scrolls of blinking
 k - a scroll of vulnerability
 m - a scroll of amnesia
 s - a scroll of teleportation {unknown}
 t - a scroll of identify
Potions
 e - a potion of invisibility {unknown}
 f - 2 potions of might {unknown}
 g - a potion of attraction {unknown}
 h - a potion of berserk rage {unknown}
 i - a potion of haste
 o - a potion of magic {unknown}
 r - a potion of curing {unknown}


   Skills:
 + Level 3.2 Fighting
 * Level 3.4 Polearms
 - Level 0.8 Throwing
 - Level 2.1 Dodging
 + Level 3.0 Spellcasting
 * Level 3.8 Translocations


You had 5 spell levels left.
You knew the following spells:

 Your Spells              Type           Power      Damage    Failure   Level
a - Blink                 Tloc           26%        N/A       6%          2
b - Gell's Gravitas       Tloc           13%        N/A       13%         3

Your spell library contained the following spells:

 Spells                   Type           Power      Damage    Failure   Level
 Lesser Beckoning         Tloc           13%        N/A       13%         3
 Teleport Other           Tloc           13%        N/A       13%         3
 Ensorcelled Hibernation  Hex/Ice        4%         N/A       30%         2
 Passwall                 Tmut/Erth      1%         N/A       30%         2
 Sublimation of Blood     Necr           2%         N/A       30%         2
 Swiftness                Air            2%         N/A       52%         3
 Manifold Assault         Tloc           13%        N/A       75%         5
 Petrify                  Tmut/Erth      2%         N/A       89%         4
 Irradiate                Conj/Tmut      1%         3d14      99%         5


Dungeon Overview and Level Annotations

Branches:
Dungeon (4/15)
 Temple: D:4-7

Altars:
Cheibriados
Wu Jian

Shops:
D:2 =*:??


Innate Abilities, Weirdness & Mutations

Your plain brown scales are hard. (AC +5)
You cannot fit into any form of body armour.
You are cold-blooded and may be slowed by cold attacks.


Message History

You hit the scorpion.
The scorpion is heavily wounded.
You feel sick. The scorpion stings you.
The scorpion stings you but does no damage.
You closely miss the scorpion.
The scorpion is heavily wounded.
You feel sick. The scorpion closely misses you.
You feel yourself speed up.
You feel sick.
The scorpion stings you but does no damage.
You closely miss the scorpion.
The scorpion is heavily wounded.
You feel sick.
The scorpion stings you but does no damage.
You closely miss the scorpion.
The scorpion is heavily wounded.
The scorpion stings you.
* * * LOW HITPOINT WARNING * * *
You hit the scorpion.
You tail-slap the scorpion, but do no damage.
The scorpion is heavily wounded.
You feel sick. The scorpion misses you.
You hit the scorpion but do no damage. You tail-slap the scorpion.
The scorpion is severely wounded.
You feel sick.
You barely miss the scorpion.
The scorpion is severely wounded.
The scorpion stings you.
* * * LOW HITPOINT WARNING * * *
You hit the scorpion but do no damage.
The scorpion is severely wounded.
You feel sick. The scorpion misses you.
You closely miss the scorpion.
The scorpion is severely wounded.
You feel sick.
You are no longer poisoned.
The scorpion misses you.
You closely miss the scorpion.
The scorpion is severely wounded.
The scorpion stings you.
You die...

#.#####.###..>.,,+
#.#####.....#*****
#(.......####...,,
#......>.'......,,
#........####.##**
#.#####+#...*,* #.#
*,*.#.#***** #.#
*,*.#,..,,,, #@#
*,*.#*,..,,,
#s#####....,,,.,,,
#S.........,,,,,,,
##.####.##**,,,,,,,
#..#*,,,,,**,,,,,,,
##..#,,,,,,,*,,,,,,,
*#...#,,,,,,,*,,,,,,,
#........_..,,,,,,,,,
#...(#......,*,,,,,,,


You could see a scorpion and a ball python.

Vanquished Creatures
  A scorpion (D:4)
  A hound skeleton (D:4)
  3 adders (D:3)
  A gnoll (D:1)
  A dart slug (D:2)
  3 orcs
  4 ball pythons
  6 endoplasms
  A giant cockroach (D:3)
  3 goblins
  2 hobgoblins
  4 quokkas
  5 frilled lizards
  6 kobolds
  2 rats
43 creatures vanquished.

Notes
Turn   | Place    | Note
-------+----------+-------------------------------------------
     0 | D:1      | tizbic2 the Draconian Warper began the quest for the Orb.
     0 | D:1      | Reached XP level 1. HP: 17/17 MP: 3/3
    93 | D:1      | Reached XP level 2. HP: 20/25 MP: 5/5
   702 | D:2      | Learned a level 2 spell: Blink
   722 | D:2      | Reached XP level 3. HP: 30/30 MP: 6/6
   859 | D:2      | Found Guac's Magic Scroll Shoppe.
   881 | D:2      | Found Bioxemeume's Assorted Antiques.
   882 | D:2      | Found Dyimiask's Magic Scroll Emporium.
   920 | D:2      | Found Neabaade's Jewellery Boutique.
  1016 | D:2      | Found Noilub's Book Shop.
  1428 | D:3      | Learned a level 3 spell: Gell's Gravitas
  1440 | D:3      | Found an ornate altar of the Wu Jian Council.
  1569 | D:3      | Found a faded altar of an unknown god.
  2043 | D:3      | Reached XP level 4. HP: 37/37 MP: 8/8
  3083 | D:4      | Noticed a scorpion
  3102 | D:4      | Killed a scorpion
  3103 | D:4      | Reached XP level 5. HP: 35/45 MP: 9/9
  3230 | D:4      | Found a snail-covered altar of Cheibriados.
  3253 | D:4      | Slain by a scorpion

Illustrated notes

Levels and vault maps discovered:
D:1:      noname_arrival_rooms_in_the_neighbourhood, layout_basic
D:2:      layout_loops_ring, serial_shops, nicolae_shop_behind_doors,
          nicolae_shop_crystal, nicolae_diamond_shop, shop, shop
D:3:      layout_loops_ring, mainiacjoe_overflow_surrounded_room,
          hellmonk_ecumenical_altar_lost_god
D:4:      layout_basic, old_standard_altar

Skill      XL: |  1  2  3  4 |
---------------+-------------+-----
Polearms       | 3 |  3.4
Fighting       | 3 |  3.2
Spellcasting   | 3 |  3.0
Throwing       | |  0.8
Dodging        | |  2.1
Translocations | |  3.8

Action                   |  1- 3 |  4- 6 || total
-------------------------+-------+-------++-------
Melee: Spear             |    86 |       ||    86
       Tailslap          |    12 |     9 ||    21
       Punch             |     1 |     2 ||     3
       Trident           |    14 |    28 ||    42
       Staff             |       |    12 ||    12
       Whip              |       |     5 ||     5
Throw: Stone             |    36 |     9 ||    45
       Boomerang         |     2 |       ||     2
 Cast: Blink             |     1 |       ||     1
  Use: Scroll            |       |     8 ||     8
       Potion            |       |     1 ||     1
Armor: Skin              |    21 |    11 ||    32
Dodge: Dodged            |    42 |    25 ||    67
